[Event "GrandPrix_30.05"]
[Site "Chess.com"]
[Date "2020.05.30"]
[Round "5"]
[White "ChessQueen"]
[Black "rasmussvane"]
[Result "1-0"]
[WhiteElo "2382"]
[BlackElo "2444"]
[TimeControl "600+2"]
[EndTime "10:25:51 PDT"]
[Termination "ChessQueen won by resignation"]

1. e4 c6 2. c4 d5 3. cxd5 cxd5 4. exd5 Nf6 5. Nc3 Nxd5 6. Nf3 Nc6 7. Bb5 g6 8. O-O Bg7 9. Bxc6+ bxc6 10. Qa4 Qd6 11. Ne4 Qc7 12. d4 O-O 13. Nc5 Rb8 14. a3 Rb5 15. Re1 Rd8 16. Qc4 a5 17. h3 Bf5 18. Ne5 h5 19. b3 Bf6 20. Bd2 Qc8 21. a4 Rb4 22. Bxb4 axb4 23. a5 Bxh3 24. gxh3 Qxh3 25. Qd3 Qh4 26. Re4 Qg5+ 27. Qg3 Qf5 28.
Rae1 Nc3 29. Rf4 Qc2 30. Nxc6 Rd5 31. Qd3 Qb2 32. Nxb4 Rxd4 33. Rxd4 Bxd4 34. Qc2 Qa3 35. Ncd3 Qxa5 36. Qd2 Nd5 37. Qa2 Qc7 38. Qa8+ Kg7 39. Qxd5 Qg3+ 40. Qg2 Qh3 1-0

[Event "GrandPrix_30.05"]
[Site "Chess.com"]
[Date "2020.05.30"]
[Round "5"]
[White "Nuvas"]
[Black "zuagroasta"]
[Result "1-0"]
[WhiteElo "2262"]
[BlackElo "2025"]
[TimeControl "600+2"]
[EndTime "10:25:53 PDT"]
[Termination "Nuvas won by resignation"]

1. d4 Nf6 2. c4 e6 3. Nc3 Bb4 4. g3 d5 5. Bg2 O-O 6. Nf3 dxc4 7. O-O Nc6 8. Qa4 a5 9. Qb5 Bxc3 10. bxc3 Qd5 11. Qb1 Qf5 12. Ba3 Re8 13. Nd2 Qxb1 14. Raxb1 Nd5 15. Rfc1 Nb6 16. e4 f5 17. Bf1 fxe4 18.
Nxc4 Nxc4 19. Bxc4 Ne7 20. Bxe7 Rxe7 21. Re1 b6 22.
Rxe4 Bd7 23. Rbe1 Rae8 24. Re5 Kf7 25. f4 Kf6 26. g4 h6 27. h4 g5 28. hxg5+ hxg5 29. fxg5+ Kg7 30. Kg2 c5 31. d5 b5 32. Bd3 c4 33.
Bc2 Bc8 34. Kg3 Rd8 35. Rh1 Bb7 36. Rh7+ Kf8 37. Rh8+ 1-0

[Event "GrandPrix_30.05"]
[Site "Chess.com"]
[Date "2020.05.30"]
[Round "5"]
[White "LorisinoC"]
[Black "Saxar85"]
[Result "0-1"]
[WhiteElo "2151"]
[BlackElo "2428"]
[TimeControl "600+2"]
[EndTime "10:25:56 PDT"]
[Termination "Saxar85 won by checkmate"]

1. e4 d6 2. d4 g6 3. Nf3 Bg7 4. c3 Nf6 5. Bd3 O-O 6. O-O Nc6 7. Re1 e5 8. h3 Re8 9. Bg5 h6 10. Bh4 g5 11. Bg3 Nh5 12. Bh2 Nf4 13. Bxf4 gxf4 14. Bc4 Qf6 15. dxe5 dxe5 16. Kh2 Nd8 17. Nbd2 Ne6 18.
Qa4 c6 19. Qb3 Bf8 20. Rg1 Bc5 21. Raf1 Kh8 22. Qc2 a5 23. Nb3 Bb6 24. Nc1 Ng5 25. Qe2 Qg6 26. Nd3 Bc7 27. Nh4 Qf6 28. Qh5 b5 29.
Bb3 a4 30. Bd1 Nxe4 31. Bg4 Bxg4 32. hxg4 Ng5 33. Nf5 Kh7 34. Rh1 Bb6 35. g3 f3 36.
Kg1 Re6 37. Re1 Rd8 38. Nxe5 Rd2 39. Nxh6 Bxf2+ 40. Kf1 Qxh6 41. Qxg5 Qxh1# 0-1

[Event "GrandPrix_30.05"]
[Site "Chess.com"]
[Date "2020.05.30"]
[Round "5"]
[White "LiamVrolijk"]
[Black "troisi"]
[Result "1-0"]
[WhiteElo "2387"]
[BlackElo "1707"]
[TimeControl "600+2"]
[EndTime "10:25:58 PDT"]
[Termination "LiamVrolijk won by resignation"]

1. d4 Nf6 2. c4 e6 3. Nf3 d5 4.
g3 c6 5. Bg2 Bd6 6. O-O Nbd7 7.
Nfd2 O-O 8. Nc3 Re8 9. e4 dxe4 10. Ndxe4 Bf8 11. Bf4 Nxe4 12. Bxe4 Nf6 13. Bg2 Bd6 14. Be5 Qc7 15. Re1 Nd7 16. Bxd6 Qxd6 17. c5 Qc7 18. Ne4 Rd8 19. Qb3 b6 20. Rac1 Rb8 21. Qc3 Ba6 22. b4 Bb5 23. Nd6 Nf6 24.
Red1 Ne8 25. Ne4 a5 26. cxb6 Rxb6 27. bxa5 Ra6 28. Nc5 Rxa5 29. Nb7 Ra4 30. Nxd8 Qxd8 31. Bf1 Rxa2 32. Bxb5 cxb5 33. Qb3 Ra5 34. d5 exd5 35. Rxd5 Qe7 36. Rxb5 Rxb5 37. Qxb5 Kf8 38. h4 h6 39. Qc5 Qxc5 40. Rxc5 Ke7 41. Kg2 Nd6 42. Kf3 Ke6 43.
Rc7 g6 44. g4 Ne8 45. Rc6+ Kd5 46. Ra6 Ng7 47. Rf6 g5 48. h5 Ke5 49. Rxh6 Ne6 50.
Rxe6+ Kxe6 51. Ke4 Kf6 52. Kd5 Kg7 53. Ke5 Kh6 54.
Kf6 Kh7 1-0

[Event "GrandPrix_30.05"]
[Site "Chess.com"]
[Date "2020.05.30"]
[Round "5"]
[White "ploky25"]
[Black "KacperKacprzak"]
[Result "1-0"]
[WhiteElo "2263"]
[BlackElo "2071"]
[TimeControl "600+2"]
[EndTime "10:25:58 PDT"]
[Termination "ploky25 won by resignation"]

1. d4 Nf6 2. c4 d6 3. Nc3 Nbd7 4. e4 g6 5. Nf3 e5 6. Be2 Bg7 7. O-O O-O 8. Re1 Re8 9. d5 Nc5 10.
Bf1 a5 11. b3 c6 12. Rb1 cxd5 13. cxd5 Bd7 14. Nd2 Qb8 15. Bb5 Rc8 16. Bxd7 Nfxd7 17. Qe2 Ra6 18. Nb5 Rb6 19. a4 f5 20. exf5 gxf5 21. Nc4 Ra6 22. Bd2 Nf6 23. Bxa5 Nxd5 24.
Qd2 Nf6 25. Nbxd6 Nce4 26. Nxe4 Nxe4 27. Qd5+ Kh8 28. Rbd1 Qa7 29. Re3 Nxf2 30. Nxe5 Rf6 31. Rd4 f4 32. Rc3 Rxc3 33. Bxc3 Nd1 34. Qa5 Qxa5 35.
Bxa5 Ne3 36. Rd8+ Rf8 37. Rxf8+ Bxf8 38. Bb6 Nd5 39. Bd4 Kg8 40. Kf2 Bb4 41. Kf3 Bd2 42.
Nd3 Kf7 43. Ke4 Nf6+ 44. Bxf6 Kxf6 45. Nxf4 b6 46. Nd5+ Ke6 47. Nxb6 Kd6 48. Nc4+ 1-0

[Event "GrandPrix_30.05"]
[Site "Chess.com"]
[Date "2020.05.30"]
[Round "5"]
[White "SpasKozhuharov"]
[Black "Novoselski"]
[Result "0-1"]
[WhiteElo "2160"]
[BlackElo "2348"]
[TimeControl "600+2"]
[EndTime "10:26:12 PDT"]
[Termination "Novoselski won on time"]

1. c4 e5 2. Nc3 Nf6 3. g3 c6 4. d4 e4 5. Bg5 Bb4 6. Qb3 Bxc3+ 7. bxc3 O-O 8. Bg2 Re8 9. Nh3 h6 10. Bxf6 Qxf6 11. O-O d6 12. f3 e3 13. Nf4 Qe7 14.
Bh3 Nd7 15. Rab1 Rb8 16. Qa3 a6 17. Rb3 Nf6 18. Bxc8 Rexc8 19. Rfb1 Qc7 20. c5 dxc5 21. Qxc5 Nd7 22. Qa7 b5 23. Qxc7 Rxc7 24. a4 Re8 25. c4 bxc4 26. Rc3 g5 27. Ng2 Nf6 28. Rxc4 Nd5 29. a5 Ree7 30. Ne1 Rb7 31. Rxb7 Rxb7 32. Rxc6 Rb1 33. Kf1 Kg7 34. Rxa6 Ra1 35. Rc6 Rxa5 36. Rc5 Rxc5 37. dxc5 Kf6 38. Nd3 Ke6 39. h4 f6 40.
Kg2 Nc3 41. hxg5 hxg5 42. f4 g4 43. Kf1 Kd5 44. f5 Ne4 45. Kg2 Nxc5 46. Nf4+ Ke5 47.
Kf1 Ne4 48. Kg2 Nd6 0-1

[Event "GrandPrix_30.05"]
[Site "Chess.com"]
[Date "2020.05.30"]
[Round "5"]
[White "Magicmaster17"]
[Black "Tesla37"]
[Result "0-1"]
[WhiteElo "2371"]
[BlackElo "2737"]
[TimeControl "600+2"]
[EndTime "10:26:33 PDT"]
[Termination "Tesla37 won on time"]

1. Nf3 Nf6 2. c4 d6 3. Nc3 Nbd7 4.
d4 e5 5. e4 g6 6. Be2 Bg7 7.
O-O O-O 8. Qc2 c6 9. d5 c5 10. Bg5 h6 11. Bd2 Ne8 12. g3 f5 13. Nh4 Qf6 14. exf5 gxf5 15. f4 e4 16. Nd1 Qf7 17.
Ne3 Bd4 18. Kh1 Ng7 19. Rab1 Nf6 20. Nhg2 h5 21. b4 b6 22. Qc1 Nh7 23. Bc3 Re8 24.
Qd2 Qf6 25. Bb2 Nf8 26. Rfd1 Bxb2 27. Qxb2 Qf7 28. Nh4 Ng6 29. Rg1 Kh7 30. a3 Qe7 31. Rg2 Bd7 32. Nxg6 Kxg6 33. h3 Kf7 34. Kg1 cxb4 35.
axb4 a5 36. g4 hxg4 37. hxg4 Rh8 38. gxf5 Rag8 39. bxa5 Nxf5 40. Nxf5 Bxf5 41. Bf1 Qh4 42. Qxb6 Qh2+ 43. Kf2 Qxf4+ 44. Ke1 Rxg2 45. Bxg2 e3 46. Rb2 Qg3+ 47. Kf1 Bd3+ 0-1

[Event "GrandPrix_30.05"]
[Site "Chess.com"]
[Date "2020.05.30"]
[Round "5"]
[White "Kezin_Roman"]
[Black "GM_LOADING"]
[Result "0-1"]
[WhiteElo "2435"]
[BlackElo "2338"]
[TimeControl "600+2"]
[EndTime "10:26:36 PDT"]
[Termination "GM_LOADING won by resignation"]

1. d4 Nf6 2. c4 e6 3. g3 Bb4+ 4. Bd2 a5 5. Bg2 d6 6. Nf3 Nbd7 7. O-O e5 8. Nc3 O-O 9. a3 Bxc3 10. Bxc3 e4 11. Ne1 d5 12. b3 a4 13. c5 axb3 14. Qxb3 Re8 15. Nc2 Nf8 16. Bd2 h6 17. a4 Bg4 18.
Rfe1 Ra7 19. a5 Qd7 20. Nb4 Rea8 21. c6 bxc6 22. Qc2 Rxa5 23. Rxa5 Rxa5 24. Nxc6 Ra8 25.
Ne5 Qe7 26. Rb1 Bxe2 27. Bb4 Bd3 28. Nxd3 exd3 29. Qxd3 Qd7 30. Bd2 Ne6 31. h4 Ne4 32. Be3 c6 33. Rc1 Nd6 34. f3 Nc4 35. Bf2 Ra2 36. Qf5 Qb7 37. Rb1 Qa7 38. Qd3 Rd2 39. Qc3 Nxd4 40. Rf1 Ne2+ 41. Kh2 Qxf2 42. Rxf2 Nxc3 43.
Rf1 Ne3 0-1

[Event "GrandPrix_30.05"]
[Site "Chess.com"]
[Date "2020.05.30"]
[Round "5"]
[White "Guenplen"]
[Black "francyIM"]
[Result "1/2-1/2"]
[WhiteElo "2542"]
[BlackElo "2609"]
[TimeControl "600+2"]
[EndTime "10:26:38 PDT"]
[Termination "Game drawn by repetition"]

1. d4 Nf6 2. Bf4 d5 3. e3 c5 4. c3 Nc6 5. Nd2 cxd4 6. exd4 Bf5 7. Ngf3 e6 8. Be2 Bd6 9. Bxd6 Qxd6 10. O-O O-O 11. Nb3 Nd7 12. Bd3 Bg6 13. Bxg6 hxg6 14. Re1 Rfb8 15. Qd3 b5 16. Ng5 Qf4 17. Nxe6 fxe6 18.
Rxe6 Rb6 19. Rxg6 Re8 20. Rg3 Qe4 21. h3 Qxd3 22. Rxd3 b4 23. Rc1 Re2 24. cxb4 Nxb4 25. Rc8+ Kf7 26. Rf3+ Nf6 27. Nc5 Re7 28. g4 Kg6 29. h4 Nxg4 30. Rg3 Kf5 31. Rf3+ Kg6 32. Rg3 Kh5 33. a3 Nc2 34. Nd3 Nxd4 35. Rh8+ Nh6 36. Nf4+ Kxh4 37. Ng2+ Kh5 38. Nf4+ Kh4 39. Ng2+ Kh5 40.
Nf4+ Kh4 1/2-1/2

[Event "GrandPrix_30.05"]
[Site "Chess.com"]
[Date "2020.05.30"]
[Round "5"]
[White "Iljin_Timofey"]
[Black "payto1"]
[Result "0-1"]
[WhiteElo "2245"]
[BlackElo "2184"]
[TimeControl "600+2"]
[EndTime "10:26:49 PDT"]
[Termination "payto1 won by checkmate"]

1. d4 Nf6 2. c4 e6 3. Nc3 Bb4 4.
e3 O-O 5. a3 Bxc3+ 6. bxc3 c5 7.
Bd3 b6 8. Ne2 Nc6 9. O-O Ba6 10.
e4 Ne8 11. Ng3 e5 12. dxc5 bxc5 13. Nf5 Ne7 14. Ne3 Qa5 15. Nd5 Nxd5 16. cxd5 Nd6 17. Bxa6 Qxa6 18. f3 Qc4 19. Be3 Rfb8 20. Qd2 Rb3 21.
Qf2 Rc8 22. Rfc1 a5 23. a4 h6 24. h4 Kh7 25. Qg3 Re8 26. Qf2 Rc8 27. h5 Rxc3 28.
Rxc3 Qxc3 29. Rc1 Qa3 30. Rxc5 Qxa4 31. Qg3 Qa3 32. Qf2 Rxc5 33. Bxc5 Qc1+ 34. Kh2 Nc4 35. Qe2 a4 36. d6 a3 37. Qa2 Kg8 38. Qb3 Qb2 39.
Qxc4 a2 40. Bd4 exd4 41. Qc8+ Kh7 42. Qxd7 Qb8 43. Qc7 Qb5 44. Qxf7 a1=Q 45. d7 Qa8 46. f4 Qd8 47. Qg6+ Kh8 48. Kh3 Qbxd7+ 49. f5 d3 50. e5 d2 51. e6 Qd3+ 52. g3 d1=Q 53. f6 Qh1+ 54. Kg4 Qdf3# 0-1

[Event "GrandPrix_30.05"]
[Site "Chess.com"]
[Date "2020.05.30"]
[Round "5"]
[White "Baron_von_Koenig"]
[Black "RussianChessFighter"]
[Result "1/2-1/2"]
[WhiteElo "2119"]
[BlackElo "2242"]
[TimeControl "600+2"]
[EndTime "10:26:50 PDT"]
[Termination "Game drawn by repetition"]

1. Nc3 d5 2. e4 d4 3. Nce2 c5 4. Ng3 Nc6 5. Bc4 Nf6 6. Nf3 Bg4 7.
O-O e6 8. h3 Bxf3 9. Qxf3 Bd6 10.
Qe2 a6 11. a3 h5 12. d3 h4 13.
Nh1 e5 14. f4 exf4 15. Bxf4 Bxf4 16. Rxf4 Ne5 17. Bb3 Qd6 18. Raf1 b5 19. Rf5 Rc8 20. Nf2 c4 21. dxc4 bxc4 22. Ba4+ Ke7 23. Ng4 Nfxg4 24. hxg4 h3 25. g3 g6 26. R5f2 g5 27. Kh2 f6 28.
Rf5 d3 29. cxd3 cxd3 30. Qd1 Rc4 31. Rxf6 Qxf6 32. Rxf6 Kxf6 33. Qf1+ Kg7 34. Qf5 Ng6 35. Qd5 Rxa4 36. Qd7+ Kh6 37. Qxa4 Rd8 38. Qd1 d2 39. Kxh3 Ne5 40. Kg2 Nc4 41. Qf3 Rd6 42. Qf8+ Kg6 43.
Qf5+ Kg7 44. Qxg5+ Kf7 45. e5 Re6 46. Qf5+ Ke7 47.
Qh7+ Kf8 48. Qh8+ Ke7 49. Qg7+ Ke8 50. Qg8+ Ke7 51. Qg7+ Kd8 52. Qg8+ Ke7 53. Qg7+ 1/2-1/2

[Event "GrandPrix_30.05"]
[Site "Chess.com"]
[Date "2020.05.30"]
[Round "5"]
[White "DaggiGretarsson"]
[Black "lilleper1"]
[Result "1-0"]
[WhiteElo "2220"]
[BlackElo "2370"]
[TimeControl "600+2"]
[EndTime "10:26:52 PDT"]
[Termination "DaggiGretarsson won by resignation"]

1. d4 Nf6 2. c4 e6 3. Nf3 d5 4.
Nc3 dxc4 5. e3 a6 6. a4 Bb4 7. Bxc4 b6 8. O-O Bb7 9. Qe2 O-O 10. Rd1 Nbd7 11. Bd3 Qe7 12. e4 e5 13. d5 Nc5 14.
Bc2 Bxc3 15. bxc3 a5 16. h3 Ne8 17. Ba3 Nd6 18. Bxc5 bxc5 19. c4 Ba6 20. Nd2 Rab8 21. Bd3 Rb4 22. Rdc1 Rfb8 23. Qe3 Nc8 24. f4 f6 25. fxe5 fxe5 26. Be2 Nb6 27. Nb3 Nxc4 28.
Qxc5 Qg5 29. Bxc4 Bxc4 30. Rxc4 Rxb3 31. Rf1 Rxh3 32. Qf2 h6 33. Rxc7 Rhb3 34. Qf7+ Kh8 35.
Qf5 Qe3+ 36. Kh1 Rb1 37. Rc8+ Rxc8 38. Qxc8+ Kh7 39. Qf5+ Kh8 40. Rxb1 1-0

[Event "GrandPrix_30.05"]
[Site "Chess.com"]
[Date "2020.05.30"]
[Round "5"]
[White "mishikomchedlishvili"]
[Black "vladislavkovalev"]
[Result "0-1"]
[WhiteElo "2534"]
[BlackElo "2821"]
[TimeControl "600+2"]
[EndTime "10:26:55 PDT"]
[Termination "vladislavkovalev won by resignation"]

1. d4 Nf6 2. g3 e6 3. Bg2 d5 4.
Nf3 Be7 5. O-O O-O 6. c4 dxc4 7. Qc2 a6 8. Qxc4 b5 9. Qc2 Bb7 10. Bd2 Be4 11. Qc1 Nc6 12. e3 b4 13. Ne1 Bxg2 14.
Nxg2 Qd7 15. Qc4 Bd6 16. Rc1 Na5 17. Qe2 Qb5 18. Kf1 Rfe8 19. Be1 e5 20. dxe5 Bxe5 21.
Rc2 Qa4 22. f4 Bd6 23. Qd3 Ng4 24. b3 Qb5 25. Qxb5 axb5 26. Rb2 Be7 27. a3 Bf6 28.
axb4 Bxb2 29. Rxa5 Rad8 30. Ke2 Bd4 31. Bd2 Bb6 32.
Rxb5 Nxh2 33. Na3 Nf1 34. Nc4 Nxg3+ 35. Kf3 Ne4 36. Be1 Nd6 37. Rh5 g6 38. Rg5 f5 39.
Bc3 Ne4 0-1

[Event "GrandPrix_30.05"]
[Site "Chess.com"]
[Date "2020.05.30"]
[Round "5"]
[White "MirMan90"]
[Black "chess_big_master"]
[Result "1-0"]
[WhiteElo "2257"]
[BlackElo "2048"]
[TimeControl "600+2"]
[EndTime "10:27:04 PDT"]
[Termination "MirMan90 won by resignation"]

1. d4 d5 2. c4 e6 3. Nf3 Nf6 4. Nc3 Bb4 5. Qb3 c5 6. dxc5 Nc6 7. Bg5 Qa5 8. Bxf6 gxf6 9. cxd5 exd5 10. e3 Be6 11.
Nd4 Qxc5 12. Bb5 O-O 13. Bxc6 bxc6 14. Nxc6 Qxc6 15. Qxb4 Rfb8 16. Qd4 Rxb2 17. O-O Rc2 18. Rac1 Rxc1 19. Rxc1 Rc8 20. Qxf6 Qc4 21. h4 Qg4 22.
f3 Qb4 23. Rc2 Qc4 24. Qd4 Qxd4 25. exd4 Rc4 26. Kf2 Rxd4 27. Nb5 Ra4 28. Ke3 a6 29. Nd4 Kg7 30. g4 Kf6 31. g5+ Ke7 32. f4 Kd6 33.
Rc6+ Kd7 34. Rb6 Ra3+ 35. Rb3 Rxb3+ 36. axb3 Bh3 37. Nf3 Kd6 38. Kd4 Be6 39. b4 Kc6 40. Ke5 Kb5 41. f5 Bc8 42. h5 Kxb4 43. g6 fxg6 44.
fxg6 hxg6 45. h6 d4 46. h7 Bb7 47. Nxd4 a5 48. h8=Q a4 49. Qb8 1-0

[Event "GrandPrix_30.05"]
[Site "Chess.com"]
[Date "2020.05.30"]
[Round "5"]
[White "tacticthunder"]
[Black "Saqo007"]
[Result "1-0"]
[WhiteElo "2222"]
[BlackElo "2128"]
[TimeControl "600+2"]
[EndTime "10:27:06 PDT"]
[Termination "tacticthunder won by resignation"]

1. e4 c5 2. Nf3 d6 3. d4 cxd4 4. Nxd4 Nf6 5. Nc3 g6 6. Be2 Bg7 7. O-O O-O 8. Be3 Nc6 9. Qd2 d5 10. Nxc6 bxc6 11. e5 Ne4 12. Nxe4 dxe4 13. Qc3 Qd5 14.
Bf4 c5 15. Rfd1 Qc6 16. b4 Be6 17. b5 Qc7 18. a4 h5 19. h4 f6 20. Bc4 Bxc4 21.
Qxc4+ Kh7 22. Rd5 fxe5 23. Be3 a6 24. Rad1 axb5 25. axb5 Bf6 26. Rd7 Qb6 27. Qxc5 Qe6 28. b6 Rac8 29. Qd5 Qg4 30. b7 Rxc2 31. Rb1 Bxh4 32.
b8=Q Bxf2+ 33. Bxf2 Rcxf2 34. Rxe7+ Kh6 35. Qxf8+ Rxf8 36. Qxe5 Rf5 37. Qg7+ Kg5 38. Re5 e3 39. Rxf5+ Qxf5 40. Qe7+ Kg4 41. Rb4+ Kg3 42. Qxe3+ 1-0

[Event "GrandPrix_30.05"]
[Site "Chess.com"]
[Date "2020.05.30"]
[Round "5"]
[White "DinaBelenkaya"]
[Black "rfhfb"]
[Result "1/2-1/2"]
[WhiteElo "1637"]
[BlackElo "2105"]
[TimeControl "600+2"]
[EndTime "10:27:07 PDT"]
[Termination "Game drawn by repetition"]

1. e4 e5 2. Nf3 Nc6 3. d4 exd4 4.
Nxd4 Nf6 5. Nxc6 bxc6 6. Bd3 d5 7. exd5 cxd5 8. O-O Be7 9. c4 c6 10. Nc3 O-O 11. Bg5 Be6 12. cxd5 cxd5 13. h3 h6 14. Be3 Nd7 15. Nb5 Bf6 16. Nd4 Nc5 17. Bc2 Rc8 18.
Rc1 a6 19. b4 Ne4 20. Nxe6 fxe6 21. Bxe4 dxe4 22. Bc5 Rf7 23. Qxd8+ Rxd8 24. Rfd1 Rd3 25. Kf1 Rfd7 26. Ke2 Bg5 27. Be3 Bxe3 28. fxe3 Rb7 29. Rxd3 exd3+ 30. Kxd3 Rxb4 31. Rc6 Ra4 32. Rxe6 Rxa2 33.
g4 Kf7 34. Rb6 Ra4 35. Ke2 a5 36. Ra6 Ra1 37. Kf3 a4 38. h4 a3 39. h5 Rf1+ 40. Ke4 Rg1 41. Kf5 Rf1+ 42. Ke5 Rg1 43. Ra7+ Kg8 44. Kf5 Rf1+ 45. Ke5 Rg1 46. Kf5 Rf1+ 47.
Ke5 Rg1 1/2-1/2

[Event "GrandPrix_30.05"]
[Site "Chess.com"]
[Date "2020.05.30"]
[Round "5"]
[White "Haykos"]
[Black "SavelijTartakover"]
[Result "1/2-1/2"]
[WhiteElo "2273"]
[BlackElo "2478"]
[TimeControl "600+2"]
[EndTime "10:27:16 PDT"]
[Termination "Game drawn by agreement"]

1. e4 e6 2. d4 d5 3. Nd2 c5 4.
dxc5 Bxc5 5. Bd3 Nf6 6. Qe2 Nc6 7. Ngf3 Nb4 8. e5 Nxd3+ 9. cxd3 Nd7 10. O-O b6 11.
Nb3 Ba6 12. Bg5 Qb8 13. Rfc1 h6 14. Bh4 O-O 15. Bg3 Rc8 16. Nbd4 Qb7 17. a3 Bxd4 18.
Nxd4 Rxc1+ 19. Rxc1 Rc8 20. Rd1 Qc7 21. f4 Nc5 22. h3 Nxd3 23. Rxd3 Qc4 24. Rd2 Qxd4+ 25. Rxd4 Bxe2 26. Rd2 Rc1+ 27. Kh2 Bc4 28. Bf2 Kf8 29. Bd4 Ke8 30. Kg3 Kd7 31. Kf3 Kc6 32. g4 g6 33. Be3 Re1 34. f5 exf5 35. gxf5 gxf5 36. Bxh6 Rxe5 37. Bf4 Re1 38. h4 Rh1 39. Rh2 Rxh2 40.
Bxh2 d4 41. h5 f6 42. Bg1 d3 43. Ke3 f4+ 44. Kd2 Bf7 45. Kxd3 Bxh5 46. Bd4 f5 47. Be5 f3 48. Ke3 Kd5 49. Bb8 a5 50. Bc7 Kc6 51. Be5 Kc5 52. Bd4+ Kb5 53. Bf6 Ka4 54. Bd4 b5 55. Bc3 f4+ 56. Kf2 Bg4 57. Bd2 Bh5 58.
Bc3 b4 59. axb4 axb4 60. Be5 Kb3 61. Bd6 Bg4 62. Be7 Kc4 63. Bd6 Bh5 64. Bxf4 Kd3 65.
Bd6 b3 66. Be5 1/2-1/2

[Event "GrandPrix_30.05"]
[Site "Chess.com"]
[Date "2020.05.30"]
[Round "5"]
[White "yamalchess"]
[Black "PlayChessSimple"]
[Result "1-0"]
[WhiteElo "2364"]
[BlackElo "2173"]
[TimeControl "600+2"]
[EndTime "10:27:18 PDT"]
[Termination "yamalchess won by resignation"]

1. d4 e6 2. c4 f5 3. Nc3 Nf6 4. Bf4 g6 5. h4 Bg7 6. e3 O-O 7.
Be2 h6 8. g4 fxg4 9. Bd3 Nc6 10.
Bxg6 d6 11. Nge2 e5 12. Bg3 exd4 13. Nxd4 Ne5 14. Bxe5 dxe5 15. Nf5 Be6 16. Qe2 c6 17. Rd1 Qc7 18. Ng3 b5 19. cxb5 cxb5 20. Nxb5 Qb7 21.
Nd6 Qb4+ 22. Qd2 Rfb8 23. Qxb4 Rxb4 24. b3 a5 25. O-O a4 26. Bf5 Bxf5 27. Ndxf5 Bf8 28.
Rd3 axb3 29. axb3 Rab8 30. Rc1 Rxb3 31. Rxb3 Rxb3 32. Rc6 Kf7 33. h5 e4 34. Nh4 Rb5 35. Rc7+ Ke8 36. Ng6 Bd6 37. Rc6 Kd7 38. Ra6 Ne8 39.
Nxe4 Bc7 40. Nf8+ Ke7 41. Ne6 Rxh5 42. Nxc7 Nxc7 43. Ra7 Kd8 44. Kg2 Rd5 45. Nf6 Rg5 46. Kg3 Rg6 47. Ne4 h5 48. Kh4 Re6 49. Ng3 Rf6 50.
Ra2 Nd5 51. Rd2 Rd6 52. e4 1-0

[Event "GrandPrix_30.05"]
[Site "Chess.com"]
[Date "2020.05.30"]
[Round "5"]
[White "BogdanBelyakov89"]
[Black "MasterSonnevanck2"]
[Result "1/2-1/2"]
[WhiteElo "2274"]
[BlackElo "2157"]
[TimeControl "600+2"]
[EndTime "10:27:18 PDT"]
[Termination "Game drawn - insufficient material"]

1. e4 e5 2. Nf3 Nc6 3. Bc4 Nf6 4. d4 exd4 5. Ng5 d5 6. exd5 Qe7+ 7. Kf1 Ne5 8. Qxd4 Nxc4 9. Qxc4 h6 10. Nf3 Qc5 11. Qxc5 Bxc5 12. Nc3 Bf5 13. Be3 Bxe3 14. fxe3 Bxc2 15. Nd4 Bd3+ 16. Kf2 O-O-O 17. Rhd1 Ne4+ 18. Kf3 Nxc3 19. bxc3 Bg6 20. e4 Rhe8 21. Re1 Rd6 22. g4 h5 23. h3 hxg4+ 24. hxg4 Ra6 25. a4 Rh8 26. Kf4 Rh2 27. Re3 Rf6+ 28. Nf5 Rf2+ 29. Rf3 Rxf3+ 30. Kxf3 Bxf5 31. gxf5 g6 32. Kf4 gxf5 33.
e5 Rh6 34. Kxf5 Kd7 35. a5 Ke7 36. Rb1 b6 37. axb6 axb6 38. Rb4 Rh5+ 39. Kf4 Rh4+ 40. Kg5 Rh1 41. Rc4 Kd7 42. Kf5 Rf1+ 43. Rf4 Re1 44. Kf6 Ke8 45. c4 Re2 46. Rf1 Re3 47. Rc1 Rf3+ 48.
Kg5 Kd7 49. Rh1 Ke7 50. Rh7 Rf2 51. e6 Rf1 52. Kg4 Rf2 53. Rxf7+ Rxf7 54. exf7 Kxf7 55. Kf5 Ke7 56. Ke5 Kd7 57. Ke4 Kd6 58. Kd4 Kd7 59. c5 bxc5+ 60. Kxc5 Kd8 61. Kc6 Kc8 62.
d6 cxd6 63. Kxd6 1/2-1/2

[Event "GrandPrix_30.05"]
[Site "Chess.com"]
[Date "2020.05.30"]
[Round "5"]
[White "SuperFineHipster"]
[Black "Vesper2018"]
[Result "1-0"]
[WhiteElo "2198"]
[BlackElo "1962"]
[TimeControl "600+2"]
[EndTime "10:27:19 PDT"]
[Termination "SuperFineHipster won by resignation"]

1. Nf3 Nf6 2. c4 g6 3. d4 Bg7 4.
Nc3 O-O 5. e4 d6 6. Be2 e5 7. d5 a5 8. Bg5 h6 9. Be3 Ng4 10. Bd2 f5 11. exf5 gxf5 12. h3 Nf6 13.
Qc1 Kh7 14. g4 Ng8 15. Qc2 e4 16. gxf5 Bxf5 17. Nxe4 Qe7 18. Bd3 Re8 19. O-O-O Bxe4 20. Rhe1 Nf6 21. Nd4 Nbd7 22. Nf5 Bxd3 23. Rxe7 Bxc2 24.
Rxg7+ Kh8 25. Kxc2 Re2 26. Rg6 Ng8 27. f4 Nc5 28. Kc1 Ne4 29. Be3 Rxe3 30. Nxe3 Rf8 31. Rdg1 Nf2 32. f5 Nxh3 33. Rh1 Nf2 34. Rh4 Nd3+ 35.
Kc2 Ne5 36. Re6 Nf3 37. Rhe4 Nf6 38. Rf4 Ne5 39. Re7 c6 40. Rxb7 cxd5 41. Nxd5 Nfd7 42.
f6 Rf7 43. Ra7 Kh7 44. Rxa5 h5 45. Ra3 Kh6 46. Rh3 Nf8 47. Rf5 Ne6 48. Rhxh5+ Kg6 49. Ne7+ Rxe7 50. fxe7 Nd4+ 51. Kb1 Nxf5 52. e8=Q+ 1-0

[Event "GrandPrix_30.05"]
[Site "Chess.com"]
[Date "2020.05.30"]
[Round "5"]
[White "Shahinyan_ChessMood"]
[Black "kostasam18"]
[Result "1-0"]
[WhiteElo "2411"]
[BlackElo "2105"]
[TimeControl "600+2"]
[EndTime "10:27:21 PDT"]
[Termination "Shahinyan_ChessMood won on time"]

1. e4 e5 2. Nf3 Nc6 3. d4 exd4 4. Nxd4 Nf6 5. Nxc6 bxc6 6. e5 Qe7 7. Qe2 Nd5 8. h4 Qe6 9. Nd2 a5 10. a3 Ba6 11. c4 Nb6 12. g3 d5 13. exd6 Qxe2+ 14. Bxe2 cxd6 15. b4 axb4 16. axb4 Bb7 17. Rxa8+ Bxa8 18. Bb2 f6 19. O-O Be7 20. Ra1 O-O 21. Ra7 Re8 22. Bh5 g6 23. Bf3 Kf7 24. Ne4 Ke6 25. Ng5+ fxg5 26. Bg4+ Kf7 27. c5 Nc4 28. Bc1 Ne5 29.
cxd6 Nxg4 30. Bxg5 Nf6 31. dxe7 c5 32. bxc5 Be4 33.
c6 Rxe7 34. c7 Bf5 35. Ra6 Re1+ 36. Kg2 Nd5 37. Ra5 Nxc7 38. Ra7 Be4+ 39. f3 Re2+ 40. Kf1 Bd3 41. Kg1 Rc2 42. Bf4 Be2 43. Bxc7 Bxf3 44. Bf4+ Ke6 45. Rxh7 Kf5 46. Rg7 Be4 47.
h5 gxh5 48. Rg5+ Kf6 49. Rxh5 Kg6 50. Re5 Bf3 51. Kf1 Bg2+ 52. Ke1 Bf3 53. Bd2 Bg4 54. Rg5+ 1-0

[Event "GrandPrix_30.05"]
[Site "Chess.com"]
[Date "2020.05.30"]
[Round "5"]
[White "Kostya_Nikologorskiy"]
[Black "Alexander_Donchenko"]
[Result "0-1"]
[WhiteElo "2209"]
[BlackElo "2597"]
[TimeControl "600+2"]
[EndTime "10:27:21 PDT"]
[Termination "Alexander_Donchenko won by resignation"]

1. e4 Nf6 2. Nc3 d5 3. e5 d4 4. exf6 dxc3 5. fxg7 cxd2+ 6. Bxd2 Bxg7 7. c3 Nc6 8. Nf3 Bg4 9. h3 Bh5 10. Be2 Qd6 11.
Qb3 O-O-O 12. Be3 Bh6 13. Rd1 Qf6 14. Rd5 Bxf3 15. Bxf3 Bxe3 16. fxe3 Rxd5 17. Qxd5 Rd8 18. Qe4 h6 19. O-O Qe5 20. Qf4 Qxf4 21. exf4 Na5 22. b3 Rd3 23. Rc1 Rd2 24. Re1 Kd7 25. Bh5 f6 26. Bg4+ Ke8 27. Be6 c5 28. h4 Nc6 29.
Re3 Nd8 30. Bc4 Rxa2 31. Rg3 a6 32. h5 b5 33. Bd5 Rd2 34. Rg8+ Kd7 35. Be4 a5 36.
Bg6 Kc7 37. Be8 b4 38. cxb4 axb4 39. Rg6 c4 40. Rxh6 cxb3 41. Bg6 b2 42. Rh8 b3 43.
Re8 Kd7 44. h6 Rc2 45. Kh2 b1=Q 46. Rg8 Qf1 47. Bf5+ Kc7 48. h7 Qxf4+ 49. Rg3 Nf7 0-1

[Event "GrandPrix_30.05"]
[Site "Chess.com"]
[Date "2020.05.30"]
[Round "5"]
[White "Zakaryan_David"]
[Black "econpower"]
[Result "1-0"]
[WhiteElo "1692"]
[BlackElo "2148"]
[TimeControl "600+2"]
[EndTime "10:27:22 PDT"]
[Termination "Zakaryan_David won by resignation"]

1. e4 d6 2. d4 Nf6 3. Nc3 e5 4. Nf3 Nbd7 5. Rg1 g6 6. g4 Bg7 7. Be3 O-O 8. h4 Re8 9. d5 Nc5 10. Nd2 c6 11. h5 cxd5 12. exd5 e4 13. hxg6 hxg6 14. Bb5 Bd7 15. Bxd7 Qxd7 16. Qe2 b5 17. Bxc5 dxc5 18. Qxb5 e3 19. fxe3 Rxe3+ 20. Kd1 Qxb5 21. Nxb5 Nxd5 22. Nc4 Re4 23. Nbd6 Rd4+ 24. Ke2 Nb6 25.
b3 Nxc4 26. Nxc4 Re8+ 27. Kf3 Ree4 28. Ne3 Rf4+ 29. Ke2 Rde4 30. Raf1 g5 31. Kd3 Bd4 32. Nd5 Rxg4 33. Rxg4 Rxg4 34. c3 Bg7 35. Rf5 Rg2 36. a4 Bf8 37. Ne3 Rg3 38. Ke4 Rg1 39. Rd5 Kg7 40. Rd7 Rb1 41. Rb7 Kg6 42. Rb8 Bg7 43. b4 Bxc3 44. b5 Rb4+ 45. Kd5 Rxa4 46. Rg8+ Kh5 47. Rf8 Rf4 48. Ra8 Ra4 49. Kc6 Bd4 50.
Nd5 g4 51. b6 Ra6 52. Rxa7 Rxb6+ 53. Nxb6 g3 54. Ra2 Kg4 55. Nc4 f5 56. Kd5 f4 57.
Ke4 f3 58. Ne3+ Bxe3 59. Kxe3 f2 60. Ra1 c4 61. Ke2 Kh3 62. Kf3 Kh2 63. Rc1 c3 64.
Ra1 c2 65. Rc1 1-0